AoeStats
← 150490644@

Arabia

508941914Analyzed
1v1 RM · 7d ago on Sep 24, 2026· 42m 46s· 2 players
Game mode
Random Map
Map size
Tiny (2 player)
Population
200
Speed
Normal
Resources
Standard
Victory
Conquest
Starting age
Dark Age
Ending age
Imperial Age
RankedLock teamsTeams togetherTeam positionsShared explorationLock speedFull tech treeHidden civsTurbo modeCheats
Victory
Defeat
🇮🇹 Franks · Italy
963
+15
🇺🇸 Mongols · United States
938
-15
Zivio
7:01 Loom
8:52 Feudal Age
10:01 Double-Bit Axe
9:58 Horse Collar
16:08 Gold Mining
17:01 Loom
17:58 Scale Barding Armor
18:04 Forging
21:08 Castle Age
20:32 Wheelbarrow
19:43 Town Watch
20:29 Bloodlines
23:18 Chain Barding Armor
24:11 Bow Saw
24:03 Heavy Plow
26:51 Iron Casting
31:45 Fletching
39:10 Imperial Age
37:05 Hand Cart
37:15 Husbandry
37:12 Light Cavalry
37:54 Bodkin Arrow
38:00 Padded Archer Armor
38:56 Thumb Ring
40:39 Hussar
40:40 Heavy Cavalry Archer
150490644@
6:27 Loom
9:12 Feudal Age
9:59 Double-Bit Axe
16:05 Wheelbarrow
20:48 Castle Age
19:15 Gold Mining
19:33 Scale Barding Armor
19:39 Forging
21:44 Hand Cart
21:54 Chain Barding Armor
22:10 Iron Casting
21:59 Husbandry
22:26 Bow Saw
25:12 Squires
24:32 Pikeman
28:19 Scale Mail Armor
36:55 Imperial Age
35:55 Gold Shaft Mining
36:40 Town Watch
37:15 Chain Mail Armor
38:58 Plate Mail Armor
39:29 Blast Furnace
40:14 Plate Barding Armor
39:33 Cavalier
Connection lost

Rejoining the realm…

Still unreachable

The connection could not be restored.

Session expired

The server has moved on; the page needs a fresh start.